 Dungeon Crawl Stone Soup version 0.30.1-4-g462c640d31 (webtiles) character file.

Game seed: 11451999175230233174

5219 spardeous the Fighter (level 10, -5/104 HPs)
             Began as a Minotaur Berserker on Aug 20, 2023.
             Was an Elder of Trog.
             Slain by a yak (13 damage)
             ... on level 8 of the Dungeon.
             The game lasted 00:12:10 (7507 turns).

spardeous the Fighter (Minotaur Berserker)          Turns: 7507, Time: 00:12:11

Health: -5/104     AC: 10    Str: 26    XL:     10   Next: 35%
Magic:  18/18      EV: 11    Int:  4    God:    Trog [****..]
Gold:   388        SH:  0    Dex: 10    Spells: 9/9 levels left

rFire   . . .        p - +0 hand axe (freeze)
rCold   . . .        (no shield)
rNeg    + . .        U - +3 ring mail {rN+}
rPois   .            (helmet restricted)
rElec   .            k - +0 cloak
rCorr   +            (no gloves)
SInv    .            T - +0 pair of boots
Will    ++...        t - amulet of magic regeneration Stlth
                     C - ring of magical power
HPRegen 1.37/turn    J - ring of resist corrosion
MPRegen 0.56/turn

%: no passive effects
@: strong-willed, on berserk cooldown, regenerating, slowed, very slow
A: horns 2, retaliatory headbutt
a: Renounce Religion, Berserk, Trog's Hand, Brothers in Arms


You were on level 8 of the Dungeon.
You worshipped Trog.
Trog was greatly pleased with you.
You visited 1 branch of the dungeon, and saw 8 of its levels.
You also visited: Sewer.

You collected 417 gold pieces.
You spent 29 gold pieces at shops.

Inventory:

Hand Weapons
 a - a +0 hand axe
 p - a +0 hand axe of freezing (weapon)
Missiles
 r - 5 javelins (quivered)
 H - 4 throwing nets
 I - 6 atropa-tipped darts
 K - 3 poisoned darts
Armour
 b - a +2 ring mail of fire resistance
 k - a +0 cloak (worn)
 q - a +2 ring mail of positive energy
 x - a +1 scale mail of cold resistance
 T - a +0 pair of boots (worn)
 U - a +3 ring mail of positive energy (worn)
Jewellery
 t - an amulet of magic regeneration (around neck)
 z - an amulet of faith
 C - a ring of magical power (left hand)
 J - a ring of resist corrosion (right hand)
Wands
 l - a wand of charming (11)
 E - a wand of digging (5)
 N - a wand of roots (7)
 V - a wand of flame (20)
Scrolls
 c - 2 scrolls of blinking {unknown}
 d - 2 scrolls of magic mapping {unknown}
 f - 4 scrolls of enchant armour {unknown}
 g - a scroll of fear {unknown}
 h - 2 scrolls of amnesia {unknown}
 n - 3 scrolls of vulnerability {unknown}
 o - 3 scrolls of identify {unknown}
 s - a scroll of poison {unknown}
 y - 3 scrolls of noise {unknown}
 A - a scroll of fog {unknown}
 B - 6 scrolls of teleportation {unknown}
 D - a scroll of summoning {unknown}
 O - a scroll of torment {unknown}
 Q - a scroll of silence {unknown}
 S - a scroll of enchant weapon {unknown}
Potions
 e - 3 potions of mutation {unknown}
 i - 2 potions of lignification {unknown}
 j - 4 potions of curing
 m - 3 potions of heal wounds {unknown}
 u - a potion of brilliance {unknown}
 v - 3 potions of haste {unknown}
 w - 2 potions of flight {unknown}
 F - a potion of degeneration {unknown}
 G - 2 potions of attraction {unknown}
 L - a potion of magic {unknown}
 M - a potion of cancellation {unknown}
 P - 2 potions of might {unknown}
 R - 2 potions of invisibility {unknown}


   Skills:
 + Level 14.6 Fighting
 - Level 12.0 Axes
 - Level 2.4 Armour
 - Level 2.1 Dodging


You had 9 spell levels left.
You didn't know any spells.
Your spell library was empty.

Dungeon Overview and Level Annotations

Branches:
Dungeon (8/15)             Temple (0/1) D:7           Sewer (visited)
   Lair: D:8-11

Altars:
Dithmenos
Trog

Shops:
D:2 *   D:3 =   D:4 :


Innate Abilities, Weirdness & Mutations

You have a pair of horns on your head.
You reflexively headbutt those who attack you in melee.


Message History

The yak attacks as you move away! The yak gores you.
* * * LOW HITPOINT WARNING * * *
The yak gores you.
* * * LOW HITPOINT WARNING * * *
You take 8 damage, and have 19/104 hp.
Unknown command.
You slash the yak! You freeze the yak.
The yak is moderately wounded.
The yak gores you but does no damage.
You closely miss the yak.
The yak is moderately wounded.
The yak gores you!
* * * LOW HITPOINT WARNING * * *
You take 7 damage, and have 13/104 hp.
You hit the yak. You freeze the yak.
The yak is heavily wounded.
The yak gores you!
* * * LOW HITPOINT WARNING * * *
You take 9 damage, and have 4/104 hp.
Unknown command.
You feel better. The yak closely misses you.
You regained 9 hp, and now have 13/104 hp.
Your skin crawls.
You feel strong-willed. The yak gores you!
* * * LOW HITPOINT WARNING * * *
The yak gores you but does no damage.
You take 8 damage, and have 5/104 hp.
You feel better. The yak gores you!
* * * LOW HITPOINT WARNING * * *
You regained 2 hp, and now have 7/104 hp.
The yak attacks as you move away! The yak barely misses you.
You furiously retaliate!
You headbutt the yak!
There is a stone staircase leading up here.
You regained 2 hp, and now have 9/104 hp.
The yak gores you.
* * * LOW HITPOINT WARNING * * *
You take 1 damage, and have 8/104 hp.
The yak attacks as you move away! The yak gores you!
You die...

#.#..........#
.......
#.#.#........#
.######
#.#..#.......##
......
#....#........#
#...##
###..##.....>.####
## #. #..
#.....)....###....
#..
##.#######......#
#.# ###..####.#
#..###Y@.##
#...†.Y###
#..#.#### .... #.#
.... ... ... ####
.. #


You could see 2 yaks.

Vanquished Creatures
  A two-headed ogre (D:6)
  Joseph (D:8)
  Prince Ribbit (D:6)
  Sigmund (D:6)
  4 yaks (D:8)
  Eustachio (D:5)
  2 water moccasins
  Duvessa (D:5)
  2 orc warriors
  2 ice beasts
  2 black bears (D:6)
  A sky beast (D:7)
  2 ogres
  A centaur (D:8)
  3 phantoms
  2 bullfrogs
  2 scorpions
  6 wights (D:8)
  Dowan (D:5)
  A killer bee (D:6)
  2 howler monkeys
  6 hounds
  An orc priest (D:5)
  8 jellies
  Terence (D:2)
  A sleepcap (D:7)
  4 iguanas
  5 orc wizards
  10 adders
  8 gnolls
  2 river rats (Sewer)
  3 shadow imps
  2 white imps (D:6)
  3 ufetubi (D:6)
  3 worms
  4 dart slugs
  29 orcs
  12 endoplasms
  7 giant cockroaches
  9 goblins
  6 hobgoblins
  3 quokkas
  3 ball pythons
  2 bats
  5 frilled lizards
  6 kobolds
  6 rats
188 creatures vanquished.

Notes
Turn   | Place    | Note
-------+----------+-------------------------------------------
     0 | D:1      | spardeous the Minotaur Berserker began the quest for the
                  | Orb.
     0 | D:1      | Reached XP level 1. HP: 19/19 MP: 0/0
   295 | D:1      | Reached XP level 2. HP: 26/26 MP: 1/1
   710 | D:1      | Reached ** piety under Trog
   941 | D:2      | Reached skill level 5 in Axes
  1009 | D:2      | Reached XP level 3. HP: 31/31 MP: 2/2
  1434 | D:2      | Found Opizucol's Assorted Antiques.
  1439 | D:2      | Bought a scroll labelled EBAUTA MEGAANE for 29 gold pieces
  1494 | D:2      | Noticed Terence
  1503 | D:2      | Killed Terence
  1504 | D:2      | Reached XP level 4. HP: 20/39 MP: 3/3
  1753 | D:3      | Found a faded altar of an unknown god.
  1832 | D:3      | Found Qoirr's Jewellery Boutique.
  2393 | D:4      | Noticed a water moccasin
  2453 | D:4      | Noticed an ogre
  2472 | D:3      | Killed a water moccasin
  2473 | D:3      | Reached XP level 5. HP: 30/45 MP: 4/4
  2559 | D:4      | Killed an ogre
  2560 | D:4      | Reached XP level 6. HP: 46/51 MP: 5/5
  3165 | D:4      | Found Widghogi's Book Shoppe.
  3265 | D:5      | Entered Level 5 of the Dungeon
  3310 | D:5      | Reached XP level 7. HP: 57/57 MP: 6/6
  3594 | D:5      | Reached skill level 10 in Axes
  3763 | D:5      | Reached *** piety under Trog
  3857 | D:5      | Noticed Dowan
  3864 | D:5      | Noticed Duvessa
  3872 | D:5      | Killed Duvessa
  3874 | D:5      | Killed Dowan
  3958 | D:5      | Noticed Eustachio
  3964 | D:5      | Killed Eustachio
  3965 | D:5      | Reached XP level 8. HP: 64/64 MP: 7/7
  4376 | D:5      | Found a shadowy altar of Dithmenos.
  4385 | D:5      | Found a bloodstained altar of Trog.
  4582 | D:6      | Noticed Sigmund
  4592 | D:6      | Killed Sigmund
  4593 | D:6      | Reached skill level 5 in Fighting
  4707 | D:6      | Reached skill level 6 in Fighting
  4831 | D:6      | Noticed Prince Ribbit
  4839 | D:6      | Reached skill level 7 in Fighting
  4847 | D:6      | Killed Prince Ribbit
  4848 | D:6      | Reached skill level 8 in Fighting
  4897 | D:6      | Found a glowing drain.
  4901 | Sewer    | Entered a sewer
  5010 | Sewer    | Found a viscous altar of Jiyva.
  5095 | Sewer    | Reached XP level 9. HP: 81/82 MP: 8/8
  5122 | Sewer    | Reached skill level 9 in Fighting
  5565 | D:6      | Reached skill level 10 in Fighting
  5679 | D:6      | Reached **** piety under Trog
  5703 | D:6      | Noticed a two-headed ogre
  5711 | D:6      | Killed a two-headed ogre
  5712 | D:6      | Reached skill level 11 in Fighting
  5897 | D:6      | Reached skill level 12 in Fighting
  6448 | D:7      | Reached skill level 13 in Fighting
  6519 | D:7      | Found a staircase to the Ecumenical Temple.
  7006 | D:8      | Reached XP level 10. HP: 92/101 MP: 9/9
  7338 | D:8      | Noticed Joseph
  7351 | D:8      | Killed Joseph
  7352 | D:8      | Reached skill level 14 in Fighting
  7501 | D:8      | HP: 4/104 [yak (9)]
  7507 | D:8      | Slain by a yak

Illustrated notes

Levels and vault maps discovered:
D:1:      psy_arrival_terrarium, layout_loops_corners,
          hangedman_decor_peaks_small
D:2:      layout_loops_ring, serial_shops, shop_statue, uniq_terence
D:3:      layout_loops_ring, ebering_ecumenical_altar_hall, serial_shops, shop
D:4:      layout_rooms, serial_shops, shop, dreamdust_princess_bridge
D:5:      layout_basic, mainiacjoe_overflow_swirl, uniq_eustachio, uniq_duvessa
D:6:      kennysheep_windowed_halls, layout_loops_ring, gup_sewer_entry_bowl,
          nicolae_benzene_ring, uniq_prince_ribbit1, uniq_sigmund
D:7:      layout_cave_pools, minmay_temple_entry_nine_rooms
D:8:      layout_rooms, grunt_ministairs_2, uniq_grum, uniq_joseph

Skill      XL: |  1  2  3  4  5  6  7  8  9 10 |
---------------+-------------------------------+-----
Axes           | 4 5 6 7 8 9 11 12 | 12.0
Fighting       | 8 13 14 | 14.6
Armour         | |  2.4
Dodging        | |  2.1

Action                     |  1- 3 |  4- 6 |  7- 9 | 10-12 || total
---------------------------+-------+-------+-------+-------++-------
  Melee: Hand axe          |    71 |    90 |   312 |    78 ||   551
         Headbutt          |    11 |    18 |    51 |    15 ||    95
         Punch             |       |     1 |     5 |     2 ||     8
 Invoke: Berserk           |       |     2 |     7 |     2 ||    11
         Trog's Hand       |       |       |       |     1 ||     1
    Use: Potion            |       |     1 |       |     2 ||     3
 Armour: Animal skin       |     6 |       |       |       ||     6
         Ring mail         |    15 |    35 |    97 |    15 ||   162
  Dodge: Dodged            |    33 |    42 |   121 |    23 ||   219
